 Dungeon Crawl Stone Soup version 0.20.0-15-g7f486f2 (webtiles) character file.

996 Chiseanne the Magician (level 7, 0/46 HPs)
             Began as a Demonspawn Wizard on June 15, 2017.
             Was an Initiate of Vehumet.
             Succumbed to Sigmund's poison
             ... on level 5 of the Dungeon.
             The game lasted 00:14:40 (7700 turns).

Chiseanne the Magician (Demonspawn Wizard)          Turns: 7700, Time: 00:14:41

Health: 0/46       AC:  6    Str: 12    XL:     7   Next: 99%
Magic:  4/16       EV: 16    Int: 22    God:    Vehumet [......]
Gold:   179        SH:  0    Dex: 11    Spells: 9/18 levels left

rFire    + . .     SeeInvis .   a - +1 long sword
rCold    . . .     Gourm    .   (no shield)
rNeg     . . .     Faith    .   b - +1 robe {rF+}
rPois    .         Spirit   +   i - +1 helmet
rElec    .         Reflect  .   s - +0 cloak
rCorr    .         Harm     .   (no gloves)
MR       .....                  (boots unavailable)
Stlth    +.........             (no amulet)
Regen    0.2/turn               (no ring)
MPRegen  0.2/turn               (no ring)

@: mighty, lethally poisoned (0 -> -30)
A: claws 1, hooves 3, repulsion field 2, magic shield
a: Renounce Religion


You were on level 5 of the Dungeon.
You worshipped Vehumet.
Vehumet was noncommittal.
You were hungry.

You visited 2 branches of the dungeon, and saw 7 of its levels.

You collected 179 gold pieces.

Inventory:

Hand Weapons
 a - a +1 long sword (weapon)
Missiles
 e - 71 sling bullets
 g - 75 bolts
 k - 163 stones (quivered)
 l - 6 needles of sleeping
 m - 121 arrows
 t - 4 tomahawks
 B - 7 javelins
Armour
 b - a +1 robe of fire resistance (worn)
 i - a +1 helmet (worn)
 q - a cursed +0 buckler
 s - a +0 cloak (worn)
Jewellery
 r - an uncursed ring of fire
Wands
 u - a wand of iceblast (0/15)
 y - a wand of random effects (16/48)
Scrolls
 f - a scroll of remove curse
 j - a scroll of blinking
 v - a scroll of enchant weapon
 x - a scroll of teleportation
 z - a scroll of magic mapping
Potions
 n - a potion of magic
Comestibles
 d - 4 bread rations
 h - a fruit
 A - a meat ration


   Skills:
 - Level 3.8 Dodging
 - Level 1.7 Stealth
 * Level 6.2 Spellcasting
 * Level 5.8 Conjurations
   Level 1.0 Summonings
 - Level 0.8 Translocations


You had 9 spell levels left.
You knew the following spells:

 Your Spells              Type           Power        Failure   Level  Hunger
a - Magic Dart            Conj           ####         1%          1    None
b - Blink                 Tloc           N/A          10%         2    None
c - Conjure Flame         Conj/Fire      ###.....     8%          3    #......
d - Mephitic Cloud        Conj/Pois/Air  ###.....     12%         3    #......


Dungeon Overview and Level Annotations

Branches:
Dungeon (6/15)             Temple (1/1) D:5

Altars:
Cheibriados
Elyvilon
Fedhas
Makhleb
Nemelex Xobeh
Qazlal
Ru
Sif Muna
Trog
Vehumet
Xom
Yredelemnul
Zin

Shops:
D:5 ?

Annotations:
D:4 Gargoyl's ghost, amateur DrAK
D:5 Sigmund


Innate Abilities, Weirdness & Mutations

You have hooves in place of feet.
You are surrounded by a moderate repulsion field. (EV +3)
When hurt, damage is shared between your health and your magic reserves.
You have sharp fingernails.


Message History

Your fingernails lengthen.
Your feet have mutated into hooves.
You feel sick. Something hits you. The scorpion misses you.
It was a potion of might.
You feel very mighty all of a sudden.
* * * LOW HITPOINT WARNING * * *
You feel sick. Something hits you but does no damage. The scorpion stings you.
* * * LOW HITPOINT WARNING * * *
You are more poisoned.
The scorpion poisons you!
You completely miss something. Your kick misses something.
You feel less confused.
* * * LOW HITPOINT WARNING * * *
You feel very sick. The scorpion stings you.
* * * LOW HITPOINT WARNING * * *
Something hits you.
* * * LOW HITPOINT WARNING * * *
You are more poisoned.
You hit the scorpion but do no damage.
You die...

...##.###'###..#.#### ♣♣..≈≈≈≈≈..
...##.#.....#.......# ♣...≈≈_≈≈..
..[##.#.###.#....#### ♣♣..≈≈≈≈≈..
......'.'>#.'.#..#### ♣...≈≈≈...
≈≈≈≈..#.###.#.......# ♣♣.......♣
###≈..#.....#.#..#### ♣♣.....♣♣ #
#≈..###'#####..# ♣♣...♣♣
###≈.##...##.##..#### ♣♣.....♣♣
≈≈≈§.##........{@...## ♣♣......[♣
.....#######.###.s...##♣...≈≈≈...
≈≈≈§.# #...#.# #.....#....≈≈≈≈≈..
###≈.###...#.# #..........≈≈♣≈≈..
# #≈.........# #..........≈≈≈≈≈..
###§.###...### #...........≈≈≈...
≈≈≈≈.# #<..# #................#
.§.§.# #...#####.................
≈§§≈.###........................#


You could see a scorpion.

Vanquished Creatures
  A bullfrog (D:6)
  A wyvern skeleton (D:6)
  A crimson imp (D:5)
  A hound (D:5)
  5 orc priests
  An iguana (D:4)
  Natasha (thrice) (D:4)
  10 orc wizards
  2 worker ants
  Robin (D:4)
  6 gnolls
  4 adders
  A shadow imp (D:5)
  An ooze (D:2)
  5 worms
  A dart slug (D:1)
  2 leopard geckos (D:1)
  16 orcs
  5 giant cockroaches
  16 goblins
  10 hobgoblins
  12 jackals
  7 kobolds
  A quokka (D:4)
  2 bats
  5 frilled lizards
  A jackal skeleton (D:5)
  A quokka skeleton (D:5)
  A quokka zombie (D:5)
  8 rats
131 creatures vanquished.

Notes
Turn   | Place    | Note
-------+----------+-------------------------------------------
     0 | D:1      | Chiseanne the Demonspawn Wizard began the quest for the Orb.
     0 | D:1      | Reached XP level 1. HP: 13/13 MP: 4/4
   502 | D:1      | Gained mutation: When hurt, damage is shared between your health and your magic reserves. [demonic ancestry]
   502 | D:1      | Reached XP level 2. HP: 19/19 MP: 3/6
  1413 | D:1      | Gained mutation: You are surrounded by a mild repulsion field. (EV +2) [demonic ancestry]
  1413 | D:1      | Reached XP level 3. HP: 24/24 MP: 5/8
  1830 | D:2      | Learned a level 2 spell: Blink
  1834 | D:2      | Learned a level 3 spell: Conjure Flame
  1838 | D:2      | Learned a level 3 spell: Mephitic Cloud
  2351 | D:2      | Found a glowing silver altar of Zin.
  2588 | D:2      | Gained mutation: You are surrounded by a moderate repulsion field. (EV +3) [demonic ancestry]
  2588 | D:2      | Reached XP level 4. HP: 30/30 MP: 3/9
  3178 | D:3      | Reached skill level 4 in Spellcasting
  3640 | D:3      | Found a deep blue altar of Sif Muna.
  3648 | D:3      | Gained mutation: You have large cloven feet. [demonic ancestry]
  3648 | D:3      | Reached XP level 5. HP: 35/35 MP: 7/11
  3685 | D:3      | Identified Sif Muna's Handbook of Poison
  3878 | D:4      | Found a sparkling altar of Nemelex Xobeh.
  4367 | D:4      | Noticed Robin
  4375 | D:4      | Killed Robin
  4546 | D:4      | Reached XP level 6. HP: 33/41 MP: 1/12
  4925 | D:4      | Found a blossoming altar of Fedhas.
  4945 | D:4      | Noticed Natasha
  4959 | D:4      | Killed Natasha
  4960 | D:4      | Reached skill level 5 in Spellcasting
  5082 | D:3      | Gained mutation: You have hoof-like feet. [demonic ancestry]
  5082 | D:3      | Reached XP level 7. HP: 46/46 MP: 1/14
  5410 | D:4      | Noticed Gargoyl's ghost (amateur DrAK)
  5524 | D:4      | Found a burning altar of Makhleb.
  5666 | D:4      | Noticed Natasha
  5673 | D:4      | Killed Natasha
  5727 | D:4      | Found a snail-covered altar of Cheibriados.
  5908 | D:4      | Noticed Natasha
  5913 | D:4      | Killed Natasha
  5966 | D:4      | Found a sacrificial altar of Ru.
  5983 | D:5      | Entered Level 5 of the Dungeon
  6032 | D:5      | Reached skill level 5 in Conjurations
  6346 | D:5      | Found a stormy altar of Qazlal.
  6562 | D:5      | Found Gasahuk's Magic Scroll Boutique.
  6791 | D:5      | Found a white marble altar of Elyvilon.
  7019 | D:5      | Found a staircase to the Ecumenical Temple.
  7195 | Temple   | Entered the Ecumenical Temple
  7229 | Temple   | Became a worshipper of Vehumet
  7417 | D:5      | Reached skill level 6 in Spellcasting
  7558 | D:6      | Noticed Sigmund
  7697 | D:5      | Gained mutation: You have sharp fingernails. [potion of mutation]
  7697 | D:5      | Gained mutation: You have hooves in place of feet. [potion of mutation]
  7700 | D:5      | Succumbed to Sigmund's poison

Skill      XL: |  1  2  3  4  5  6  7 |
---------------+----------------------+-----
Conjurations   | 2 3 4 5 |  5.8
Dodging        | 2 3 |  3.8
Spellcasting   | 4 5 6 |  6.2
Stealth        | |  1.7
Summonings     | |  1.0
Translocations | |  0.8

Action                   |  1- 3 |  4- 6 |  7- 9 || total
-------------------------+-------+-------+-------++-------
Melee: Club              |    42 |       |       ||    42
       Short sword       |    48 |    12 |       ||    60
       Long sword        |       |    52 |    19 ||    71
       Kick              |       |     9 |     4 ||    13
 Cast: Magic Dart        |   109 |    90 |   141 ||   340
       Mephitic Cloud    |       |     8 |     3 ||    11
       Blink             |       |     8 |     1 ||     9
       Conjure Flame     |       |     1 |       ||     1
Evoke: Wand              |       |     3 |       ||     3
  Use: Scroll            |     3 |     7 |     2 ||    12
       Potion            |     1 |     2 |     4 ||     7
  Eat: Chunk             |     5 |     8 |     8 ||    21
Armor: Robe              |    31 |     8 |    12 ||    51
Dodge: Dodged            |    99 |    76 |    55 ||   230
       Rpst.: Long sword |       |    23 |    13 ||    36
